 Dungeon Crawl Stone Soup version 0.27-a0-1302-g7736ffe575 (webtiles) character file.

Game seed: 3511493804874475784

84 Froggeryz the Chopper (level 4, -1/55 HPs)
             Began as a Palentonga Abyssal Knight on June 18, 2021.
             Was a Follower of Lugonu.
             Slain by Sigmund (9 damage)
             ... on level 3 of the Dungeon.
             The game lasted 00:01:52 (2640 turns).

Froggeryz the Chopper (Palentonga Abyssal Knight)   Turns: 2640, Time: 00:01:53

Health: -1/55      AC: 22    Str: 16    XL:     4   Next: 23%
Magic:  5/5        EV:  1    Int: 13    God:    Lugonu [*.....]
Gold:   151        SH:  0    Dex:  9    Spells: 3/3 levels left

rFire    . . .     SeeInvis +   a - +1 hand axe
rCold    . . .     Faith    .   (no shield)
rNeg     + + +     Spirit   .   (armour currently unavailable)
rPois    +         Reflect  .   (helmet currently unavailable)
rElec    .         Harm     .   (cloak currently unavailable)
rCorr    .         Rampage  .   (gloves currently unavailable)
Will     .....     NoTele   +   (no barding)
Stlth    +.........             (no amulet)
HPRegen  0.18/turn              (no ring)
MPRegen  0.09/turn              (no ring)

@: tree-form
A: stationary, stasis, torment immunity, boosted hp, large, rugged brown scales
3, see invisible, (deformed body), (roll 1), (armoured tail)
a: Renounce Religion, Depart the Abyss


You were on level 3 of the Dungeon.
You worshipped Lugonu.
Lugonu was aware of your devotion.
You were a tree.
You visited 1 branch of the dungeon, and saw 3 of its levels.
You visited the Abyss 1 time.

You collected 151 gold pieces.

Inventory:

Hand Weapons
 a - a +1 hand axe (weapon)
Missiles
 e - 32 poisoned darts (quivered)
Armour
 b - a +0 leather armour (melded)
 g - a +0 kite shield
Jewellery
 l - a ring of poison resistance
 m - a ring of fire
Scrolls
 c - a scroll of blinking {unknown}
 h - 2 scrolls of enchant armour {unknown}
 i - a scroll of vulnerability {unknown}
 j - a scroll of identify {unknown}
Potions
 f - a potion of lignification


   Skills:
 - Level 3.0 Fighting
 * Level 4.0 Axes
 - Level 2.0 Armour
 - Level 0.7 Dodging
 + Level 0.7 Shields
 - Level 2.0 Invocations


You had 3 spell levels left.
You didn't know any spells.
Your spell library contained the following spells:

 Spells                   Type           Power      Damage    Failure   Level
 Corona                   Hex            0%         N/A       30%         1
 Ensorcelled Hibernation  Hex/Ice        0%         N/A       43%         2
 Confusing Touch          Hex            0%         N/A       67%         3
 Dazzling Flash           Conj/Hex       0%         N/A       67%         3
 Tukima's Dance           Hex            0%         N/A       67%         3


Dungeon Overview and Level Annotations

Branches:
Dungeon (3/15)

Altars:

Shops:
D:1 [

Annotations:
D:3 Sigmund


Innate Abilities, Weirdness & Mutations

You are a tree.
Your roots penetrate the ground, keeping you stationary.
You cannot be teleported.
You are immune to unholy pain and torment.
Your maximum health is greatly increased.
Your equipment is partially melded.
(You are completely covered in rugged brown scales. (AC +3, +7% HP))
You have supernaturally acute eyesight. (SInv)
((Armour fits poorly on your strangely shaped body.))
((You can roll at nearby foes to attack.))
((You have a long armoured tail.))


Message History

Press: ? - help, Dir - move target, f - Sigmund
Aim: Sigmund, wielding a +0 scythe and wearing a +0 robe You roll forward with a clatter of scales!
You slash Sigmund!
Sigmund is moderately wounded.
Sigmund barely misses you.
You hit Sigmund but do no damage.
Sigmund is moderately wounded.
Sigmund closely misses you.
You closely miss Sigmund.
Sigmund is moderately wounded.
Sigmund barely misses you.
You barely miss Sigmund.
You tail-slap Sigmund, but do no damage.
Sigmund is moderately wounded.
Sigmund hits you with a +0 scythe!
You barely miss Sigmund.
Sigmund is moderately wounded.
Sigmund casts a spell at you. The puff of flame hits you!
* * * LOW HITPOINT WARNING * * *
You barely miss Sigmund.
Your tail-slap misses Sigmund.
Sigmund is moderately wounded.
Sigmund laughs darkly.
Sigmund hits you but does no damage.
It was a potion of lignification.
You turn into a tree.
Your +0 leather armour melds into your body.
Your roots penetrate the ground.
Sigmund hits you with a +0 scythe.
* * * LOW HITPOINT WARNING * * *
It was a potion of magic.
Magic courses through your body. Sigmund hits you but does no damage.
It was a potion of curing.
You feel better. Sigmund hits you but does no damage.
You hit Sigmund.
Sigmund is moderately wounded.
Sigmund hits you but does no damage.
You hit Sigmund.
Sigmund is heavily wounded.
Sigmund hits you with a +0 scythe!
You die...

....###.# ####....... ....#
#.###............#
....###.##...#.........#
....##.................#
....##.................#
....##.................#
....##.................#
....##............>....#
....##..........♣@.....#
##....#.##...#.........#
........##....$....#####
##....##############
......###### #...#
##....##...# #...#
##.(..##...# #...# .#
##....##...# #...# (#
##....##...######...##.####


You could see Sigmund.

Vanquished Creatures
  A gnoll (D:1)
  3 adders (D:2)
  A worm (D:2)
  7 bats
  6 endoplasms
  3 giant cockroaches
  A goblin (D:1)
  2 hobgoblins
  A quokka (D:1)
  7 ball pythons
  4 frilled lizards
  4 kobolds
  4 rats
44 creatures vanquished.

Notes
Turn   | Place    | Note
-------+----------+-------------------------------------------
     0 | Abyss:1  | Froggeryz the Palentonga Abyssal Knight began the quest for
                  | the Orb.
     0 | Abyss:1  | Reached XP level 1. HP: 19/19 MP: 2/2
    53 | Abyss:1  | Noticed a tentacled starspawn
    57 | D:1      | Escaped the Abyss
   526 | D:1      | Reached XP level 2. HP: 25/25 MP: 3/3
   840 | D:1      | Reached * piety under Lugonu
   862 | D:1      | Found Zyolemuu's Antique Armour Shop.
   919 | D:1      | Reached skill level 3 in Axes
  1119 | D:1      | Reached XP level 3. HP: 30/31 MP: 4/4
  1784 | D:2      | Found a faded altar of an unknown god.
  2149 | D:2      | Reached XP level 4. HP: 32/37 MP: 5/5
  2446 | D:3      | Reached skill level 4 in Axes
  2626 | D:3      | Noticed Sigmund
  2636 | D:3      | HP: 2/55 [Sigmund (6)]
  2640 | D:3      | Slain by Sigmund

Illustrated notes

Levels and vault maps discovered:
D:1:      lemuel_arrival_behind_the_door_large, layout_basic, serial_shops,
          shop, grunt_decor_clamped
D:2:      layout_basic, ebering_ecumenical_altar_box
D:3:      layout_basic, nicolae_uskayaw_en_pointe, uniq_sigmund

Skill      XL: |  1  2  3  4 |
---------------+-------------+-----
Axes           | 3 4 |  4.0
Armour         | 2 |  2.0
Fighting       | |  3.0
Dodging        | |  0.7
Shields        | |  0.7
Invocations    | |  2.0

Action                   |  1- 3 |  4- 6 || total
-------------------------+-------+-------++-------
Melee: Hand axe          |   107 |    23 ||   130
       Tailslap          |    10 |     1 ||    11
Invok: Depart the Abyss  |     1 |       ||     1
 Abil: Rolling Charge    |       |     1 ||     1
  Use: Potion            |       |     3 ||     3
Armor: Leather armour    |    62 |     4 ||    66
       Skin              |       |     3 ||     3
Dodge: Dodged            |    69 |     7 ||    76

Table legend: (Time is in decaauts)
 A = Elapsed time spent in this place.
 B = Non-inter-level travel time spent in this place.
 C = Inter-level travel time spent in this place.
 D = Time resting spent in this place.
 E = Time spent auto-exploring this place.
 F = Levels seen in this place.
 G = Mean time per level.
                   A        B        C        D        E       F      G
               +--------+--------+--------+--------+--------+-----+--------+
         Total |   2657 |   2574 |     83 |      0 |   2279 |   4 |  664.2 |
       Dungeon |   2600 |   2517 |     83 |      0 |   2230 |   3 |  866.7 |
         Abyss |     57 |     57 |      0 |      0 |     49 |   1 |   57.0 |
               +--------+--------+--------+--------+--------+-----+--------+

Top non-repeatable levels by time:
     D:1: 1571 daAuts
     D:2: 826 daAuts
     D:3: 202 daAuts
 Abyss:1: 57 daAuts
